 Dungeon Crawl Stone Soup version 0.31-a0-1405-g2bb1a01664 (webtiles) character file.

Game seed: 10638024625168219041

903 jasper the Geomancer (level 7, 0/44 HPs)
             Began as a Deep Elf Earth Elementalist on Dec 25, 2023.
             Was a Believer of Sif Muna.
             Slain by a white imp (1 damage)
             ... on level 6 of the Dungeon.
             The game lasted 00:03:57 (2410 turns).

jasper the Geomancer (Deep Elf Earth Elementalist)  Turns: 2410, Time: 00:03:58

Health: 0/44       AC:  4    Str:  2 (5)  XL:     7   Next: 80%
Magic:  3/13       EV: 12    Int: 28 (29) God:    Sif Muna [**....]
Gold:   189        SH:  0    Dex: 10 (13) Spells: 6/12 levels left

rFire   . . .        o - +0 whip of Ised {pain, Int+7 Dex-2}
rCold   . . .        (no shield)
rNeg    . . .        a - +0 robe
rPois   .            (no helmet)
rElec   .            u - +0 cloak
rCorr   .            (no gloves)
SInv    .            g - +0 pair of boots
Will    .....        (no amulet)
Stlth   ++           (no ring)
HPRegen 0.27/turn    (no ring)
MPRegen 0.13/turn

%: no passive effects
@: no status effects
A: no striking features
a: Renounce Religion, Channel Magic


You were on level 6 of the Dungeon.
You worshipped Sif Muna.
Sif Muna was pleased with you.
You visited 1 branch of the dungeon, and saw 6 of its levels.

You collected 189 gold pieces.

Inventory:

Hand Weapons
 c - a +0 short sword
 k - a +2 dagger of venom
 o - the +0 whip of Ised (weapon) {pain, Int+7 Dex-2}
   (You found it on level 2 of the Dungeon)

   Int+7:     It affects your intelligence (+7).
   Dex-2:     It affects your dexterity (-2).
Missiles
 d - 27 stones
Armour
 a - a +0 robe (worn)
 g - a +0 pair of boots (worn)
 m - a +0 helmet
 u - a +0 cloak (worn)
Jewellery
 l - a ring of willpower
Wands
 w - a wand of roots (1)
 y - a wand of flame (8)
Scrolls
 f - 6 scrolls of identify {unknown}
 i - a scroll of noise {unknown}
 j - 2 scrolls of teleportation {unknown}
 n - a scroll of poison {unknown}
 p - 2 scrolls of immolation {unknown}
 q - 2 scrolls of summoning {unknown}
 r - a scroll of revelation {unknown}
 v - a scroll of blinking {unknown}
 z - a scroll of brand weapon {unknown}
 A - a scroll of silence {unknown}
 B - a scroll of amnesia {unknown}
Potions
 b - a potion of magic
 h - a potion of attraction {unknown}
 s - a potion of ambrosia {unknown}
 t - a potion of might {unknown}
 x - a potion of berserk rage {unknown}
 C - a potion of enlightenment {unknown}


   Skills:
 + Level 4.8 Fighting
 - Level 2.4 Dodging
 - Level 2.4 Stealth
 - Level 3.0 Spellcasting
 - Level 8.0 Earth Magic
 - Level 1.1 Alchemy


You had 6 spell levels left.
You knew the following spells:

 Your Spells              Type           Power      Damage    Failure   Level
a - Sandblast             Erth           98%        2d20      1%          1
b - Passwall              Alch/Erth      24%        N/A       1%          2
c - Stone Arrow           Conj/Erth      52%        3d10      4%          3

Your spell library contained the following spells:

 Spells                   Type           Power      Damage    Failure   Level
 Petrify                  Alch/Erth      29%        N/A       13%         4
 Brom's Barrelling Bould  Conj/Erth      26%        2d5       16%         4


Dungeon Overview and Level Annotations

Branches:
Dungeon (6/15)
 Temple: D:4-7

Altars:
Cheibriados
Fedhas
Makhleb
Sif Muna
Uskayaw
Wu Jian

Annotations:
D:5 Menkaure


Message History

The yak is almost dead.
The hound barks!
The yak barely misses you. The white imp gestures at you.
The puff of frost misses you. The yak gores you! The white imp gestures at you.
The puff of frost hits you.
You take 18 damage, and have 16/44 hp.
MASSIVE DAMAGE!!
You now have 5/13 mp.
Aiming: Sandblast (safe; 1% risk of failure)
Press: ? - help, Q - select action, (/) - cycle Shift-Dir - straight line, f/p - yak
Aim: a yak (severely wounded, 91% to hit)
The blast of sand hits the yak!
The yak is almost dead.
The yak gores you!
* * * LOW HITPOINT WARNING * * *
The hound bites you.
* * * LOW HITPOINT WARNING * * *
You take 13 damage, and have 3/44 hp.
MASSIVE DAMAGE!!
You now have 4/13 mp.
Unknown command.
It was a potion of degeneration.
There was something very wrong with that liquid.
You feel weakened.
You feel dopey.
You feel clumsy. The hound misses you. The yak gores you but does no damage.
The white imp barely misses you. The hound barely misses you.
Okay, then.
Casting: Sandblast (safe; 1% risk of failure)
Confirm with . or Enter, or press ? or * to list all spells.
Aiming: Sandblast (safe; 1% risk of failure)
Press: ? - help, Shift-Dir - straight line, f/p - yak
Aim: a yak (almost dead, 91% to hit)
The blast of sand hits the yak!!
You kill the yak!
Sif Muna accepts your kill. The hound bites you but does no damage.
The white imp hits you but does no damage.
The hound pauses to sniff the ground.
The hound bites you.
* * * LOW HITPOINT WARNING * * *
The white imp hits you.
You die...

.?. .......
#..#....... .
##.......... ..
#...........
...#.........
.......?... ?
.........##....
.......@5......
...##..h†......
#..#...#... #..
#### . #.. ...
.... .....


You could see a hound and a white imp.

Vanquished Creatures
  6 yaks
  Dowan (D:4)
  A hound (D:4)
  4 gnolls
  4 adders
  A worm (D:3)
  2 dart slugs
  5 orcs (D:5)
  6 ball pythons
  A bat (D:2)
  5 endoplasms
  A giant cockroach (D:2)
  3 goblins
  4 hobgoblins
  3 jackals (D:2)
  3 quokkas
  5 kobolds
  4 rats
59 creatures vanquished.

Notes
Turn   | Place    | Note
-------+----------+-------------------------------------------
     0 | D:1      | jasper the Deep Elf Earth Elementalist began the quest for
                  | the Orb.
     0 | D:1      | Reached XP level 1. HP: 10/10 MP: 6/6
   129 | D:1      | Found a faded altar of an unknown god.
   207 | D:1      | Prayed at the altar of an unknown god.
   207 | D:1      | Became a worshipper of Sif Muna the Loreminder
   207 | D:1      | Reached * piety under Sif Muna
   385 | D:1      | Reached skill level 4 in Earth Magic
   385 | D:1      | Reached XP level 2. HP: 15/15 MP: 5/8
   388 | D:1      | Learned a level 2 spell: Passwall
   794 | D:2      | Reached XP level 3. HP: 13/19 MP: 4/9
   798 | D:2      | Learned a level 3 spell: Stone Arrow
   902 | D:2      | Reached skill level 5 in Earth Magic
  1227 | D:2      | Reached XP level 4. HP: 12/24 MP: 5/10
  1341 | D:2      | Reached ** piety under Sif Muna
  1381 | D:2      | Identified the +0 whip of Ised {pain, Int+7 Dex-2}
  1747 | D:4      | Reached skill level 6 in Earth Magic
  1886 | D:4      | Noticed Dowan
  1899 | D:4      | Killed Dowan
  1900 | D:4      | Reached XP level 5. HP: 26/28 MP: 8/11
  1939 | D:5      | Entered Level 5 of the Dungeon
  1978 | D:5      | Found a snail-covered altar of Cheibriados.
  1978 | D:5      | Found a burning altar of Makhleb.
  1978 | D:5      | Found a hide-covered altar of Uskayaw.
  1979 | D:5      | Found an ornate altar of the Wu Jian Council.
  1981 | D:5      | Found a shimmering blue altar of Sif Muna.
  1983 | D:5      | Found a blossoming altar of Fedhas.
  2184 | D:5      | Reached skill level 7 in Earth Magic
  2375 | D:5      | Noticed a yak
  2383 | D:5      | Noticed a yak
  2383 | D:5      | Noticed a yak
  2386 | D:5      | Noticed a yak
  2388 | D:5      | Killed a yak
  2388 | D:5      | Noticed a yak
  2389 | D:5      | Reached XP level 6. HP: 32/32 MP: 10/12
  2389 | D:5      | Noticed a yak
  2393 | D:5      | Killed a yak
  2394 | D:5      | Reached skill level 8 in Earth Magic
  2395 | D:5      | Killed a yak
  2396 | D:5      | Reached XP level 7. HP: 41/41 MP: 8/13
  2397 | D:5      | Killed a yak
  2400 | D:5      | Killed a yak
  2400 | D:5      | Noticed Menkaure
  2410 | D:6      | Killed a yak
  2410 | D:6      | HP: 1/44 [hound (3)]
  2410 | D:6      | Slain by a white imp

Illustrated notes

Levels and vault maps discovered:
D:1:      minmay_arrival_floating_metal, layout_rooms, basic_ecumenical_altar,
          solitary_fountain
D:2:      layout_basic, glass_columns_a, minmay_randomly_rotated_circles
D:3:      layout_basic, yredelemnul_altar_generic
D:4:      layout_gridville, serial_shops, kennysheep_little_box,
          mrwooster_statue_mirror, uniq_duvessa
D:5:      layout_basic, minitemple, grunt_decor_fettered,
          minmay_misc_feat_diagonals, small_statue_intersection,
          kennysheep_generic_room_4, uniq_menkaure
D:6:      layout_rooms, kennysheep_okawaru_gauntlet, serial_park_tiny_1,
          serial_library_hellmonk_open_square, kennysheep_generic_room_3

Skill      XL: |  1  2  3  4  5  6  7 |
---------------+----------------------+-----
Earth Magic    | 4 5 6 7 8 |  8.0
Fighting       | 3 4 |  4.8
Dodging        | |  2.4
Stealth        | |  2.4
Spellcasting   | |  3.0
Alchemy        | |  1.1

Action                     |  1- 3 |  4- 6 |  7- 9 || total
---------------------------+-------+-------+-------++-------
  Throw: Stone             |       |     3 |       ||     3
   Cast: Sandblast         |    40 |    42 |     7 ||    89
  Evoke: Wand              |       |     9 |     3 ||    12
    Use: Potion            |       |       |     1 ||     1
 Armour: Robe              |     4 |    13 |    11 ||    28
  Dodge: Dodged            |     6 |    12 |     6 ||    24

Table legend: (Time is in decaauts)
 A = Elapsed time spent in this place.
 B = Non-inter-level travel time spent in this place.
 C = Inter-level travel time spent in this place.
 D = Time resting spent in this place.
 E = Time spent auto-exploring this place.
 F = Levels seen in this place.
 G = Mean time per level.
                   A        B        C        D        E       F      G
               +--------+--------+--------+--------+--------+-----+--------+
         Total |   2470 |   2314 |    156 |    107 |   1797 |   6 |  411.7 |
       Dungeon |   2470 |   2314 |    156 |    107 |   1797 |   6 |  411.7 |
               +--------+--------+--------+--------+--------+-----+--------+

Top non-repeatable levels by time:
     D:2: 904 daAuts
     D:1: 730 daAuts
     D:5: 474 daAuts
     D:4: 252 daAuts
     D:3: 102 daAuts
     D:6: 6 daAuts
